 Dungeon Crawl Stone Soup version 0.27.1-1-g398f81649c (webtiles) character file.

Game seed: 4244244931284233087

16 phibes the Digger (level 2, 0/24 HPs)
             Began as a Troll Earth Elementalist on Sept 9, 2021.
             Succumbed to an adder's poison
             ... on level 2 of the Dungeon.
             The game lasted 00:08:01 (716 turns).

phibes the Digger (Troll Earth Elementalist)         Turns: 716, Time: 00:08:02

Health: 0/24       AC:  4    Str: 15    XL:     2   Next: 41%
Magic:  3/3        EV:  9    Int: 11    God:
Gold:   53         SH:  0    Dex: 10    Spells: 2/3 levels left

rFire    . . .     SeeInvis .   (no weapon)
rCold    . . .     Faith    .   (no shield)
rNeg     . . .     Spirit   .   b - +0 robe
rPois    .         Reflect  .   (helmet restricted)
rElec    .         Harm     .   (no cloak)
rCorr    .         Rampage  .   (gloves unavailable)
Will     .....                  (boots unavailable)
Stlth    +.........             (no amulet)
HPRegen  1.08/turn              (no ring)
MPRegen  0.08/turn              (no ring)

@: lethally poisoned (0 -> -2)
A: large, unfitting armour, claws 3, regeneration 1, shaggy fur 1, tough skin 1
a: no special abilities


You were on level 2 of the Dungeon.
You visited 1 branch of the dungeon, and saw 2 of its levels.

You collected 53 gold pieces.

Inventory:

Missiles
 c - 128 stones
Armour
 a - a +0 chain mail
 b - a +0 robe (worn)
 d - a +0 ring mail
Scrolls
 e - a scroll of identify {unknown}
 h - a scroll of noise {unknown}
Potions
 f - a potion of curing {unknown}
 g - 2 potions of brilliance {unknown}
 i - a potion of might {unknown}


   Skills:
 + Level 1.7 Dodging
 + Level 1.1 Stealth
 + Level 1.3 Spellcasting
 + Level 0.6 Transmutations
 + Level 3.2 Earth Magic


You had 2 spell levels left.
You knew the following spells:

 Your Spells              Type           Power      Damage    Failure   Level
a - Sandblast             Erth           14%        2d6       9%          1

Your spell library contained the following spells:

 Spells                   Type           Power      Damage    Failure   Level
 Passwall                 Tmut/Erth      3%         N/A       22%         2
 Stone Arrow              Conj/Erth      8%         3d7       43%         3
 Petrify                  Tmut/Erth      4%         N/A       82%         4


Dungeon Overview and Level Annotations

Branches:
Dungeon (2/15)

Altars:


Innate Abilities, Weirdness & Mutations

You are too large for most types of armour.
You have claws for hands.
Your natural rate of healing is unusually fast.
You are covered in fur. (AC +1)
You have tough skin. (AC +1)


Message History

You are more poisoned.
The adder poisons you!
Unknown command.
You scratch the adder.
The adder is lightly wounded.
You feel very sick. The adder bites you.
You miss the adder.
The adder is lightly wounded.
You feel sick. The adder bites you but does no damage.
You feel sick.
You feel sick. The adder bites you.
You feel sick.
You feel sick.
You feel sick. The adder bites you but does no damage.
You feel sick.
You feel sick.
You feel sick.
You are no longer poisoned.
The adder barely misses you. The adder bites you.
* * * LOW HITPOINT WARNING * * *
You are poisoned.
The adder poisons you!
You feel sick.
You feel sick.
You feel sick. The adder bites you.
* * * LOW HITPOINT WARNING * * *
* * * LOW HITPOINT WARNING * * *
You feel sick.
You feel sick.
You are no longer poisoned.
The adder closely misses you. The adder bites you.
* * * LOW HITPOINT WARNING * * *
You are lethally poisoned!
The adder poisons you!
You miss the adder.
The adder is lightly wounded.
You die...

###### #<...#
#########.
#.##.########.........
#<##..........########
#.###@S.g........# #.#
#.####...###.# ..# #)#
#.....##.## #.#
#.##..........#### #..
..................
##.##..........####
#............##
#..###...###.# #..
##..# #.#


You could see an adder and a goblin.

Vanquished Creatures
  2 ball pythons (D:1)
  4 endoplasms (D:1)
  2 goblins
  2 hobgoblins
  3 kobolds (D:1)
13 creatures vanquished.

Notes
Turn   | Place    | Note
-------+----------+-------------------------------------------
     0 | D:1      | phibes the Troll Earth Elementalist began the quest for the
                  | Orb.
     0 | D:1      | Reached XP level 1. HP: 16/16 MP: 1/1
   389 | D:1      | Reached skill level 3 in Earth Magic
   395 | D:1      | Reached XP level 2. HP: 24/24 MP: 3/3
   709 | D:2      | HP: 1/24 [adder (4)]
   715 | D:2      | HP: 1/24 [adder (4)]
   716 | D:2      | Succumbed to an adder's poison

Illustrated notes

Levels and vault maps discovered:
D:1:      lightli_arrival_noodles, layout_basic
D:2:      layout_loops_ring, shapermc_ecumenical_altar_totnotflames,
          uniq_crazy_yiuf_cottage, uniq_sigmund

Skill      XL: |  1 |
---------------+----+-----
Earth Magic    | 3 |  3.2
Dodging        | |  1.7
Stealth        | |  1.1
Spellcasting   | |  1.3
Transmutations | |  0.6

Action                   || total
-------------------------++-------
Melee: Unarmed           ||    29
 Stab: Sleeping          ||     2
Armor: Robe              ||     7
Dodge: Dodged            ||    10
